 Dungeon Crawl Stone Soup version 0.25-a0-44-g29a1220a87 (webtiles) character file.

Game seed: 16994672934203668709, levelgen mode: deterministic

4001 Flugkiller the Stinger (level 10, 0/63 HPs)
             Began as an Octopode Venom Mage on Oct 25, 2019.
             Was a Believer of Sif Muna.
             Slain by a black bear (12 damage)
             ... on level 9 of the Dungeon.
             The game lasted 00:16:55 (9155 turns).

Flugkiller the Stinger (Octopode Venom Mage)        Turns: 9155, Time: 00:16:56

Health: 0/63       AC:  1    Str:  7    XL:     10   Next: 23%
Magic:  3/17       EV: 16    Int: 21    God:    Sif Muna [**....]
Gold:   394        SH:  3    Dex: 13    Spells: 5/19 levels left

rFire    . . .     SeeInvis .   r - +3 dagger (venom)
rCold    + . .     Gourm    .   (no shield)
rNeg     . . .     Faith    .   (helmet restricted)
rPois    +         Spirit   .   A - +3 amulet of reflection
rElec    .         Reflect  +   g - ring of protection from cold
rCorr    .         Harm     .   w - ring of poison resistance
MR       .....                  (no ring)
Stlth    +++.......             (no ring)
HPRegen  0.20/turn              (no ring)
MPRegen  0.15/turn              (no ring)
                                (no ring)
                                (no ring)

@: no status effects
A: almost no armour, stealthy swim, amphibious, 8 rings, constrict 8, camouflage
1, gelatinous body 1
a: Channel Magic, Renounce Religion


You were on level 9 of the Dungeon.
You worshipped Sif Muna.
Sif Muna was pleased with you.
You were near starving.

You visited 1 branch of the dungeon, and saw 8 of its levels.
You also visited: Sewer.

You collected 394 gold pieces.

Inventory:

Hand Weapons
 b - a +2 whip of electrocution
   (You took it off Pikel on level 5 of the Dungeon)
 n - a +3 flail of venom
   (You took it off Edmund on level 4 of the Dungeon)
 r - a +3 dagger of venom (weapon)
   (You took it off a goblin on level 3 of the Dungeon)
Missiles
 u - 11 poisoned darts (quivered)
Magical Staves
 a - an uncursed staff of wizardry
   (You found it on level 6 of the Dungeon)
Jewellery
 g - a ring of protection from cold (left tentacle)
   (You found it on level 1 of the Dungeon)
 w - a ring of poison resistance (right tentacle)
   (You found it on level 1 of the Dungeon)
 A - a +3 amulet of reflection (around mantle)
   (You found it on level 6 of the Dungeon)
Wands
 f - a wand of paralysis (8)
   (You found it on level 4 of the Dungeon)
Scrolls
 i - 2 scrolls of remove curse
 j - 2 scrolls of enchant armour
 s - a scroll of summoning {unknown}
 t - a scroll of enchant weapon
 y - a scroll of teleportation {unknown}
 C - a scroll of identify
Potions
 c - a potion of brilliance
 d - a potion of mutation
 e - a potion of cancellation
 k - 2 potions of ambrosia
 m - 2 potions of agility
 o - 4 potions of flight
 v - 2 potions of haste {unknown}
 x - a potion of invisibility {unknown}
 z - a potion of magic {unknown}
Comestibles
 q - 12 rations
 B - 2 chunks of flesh


   Skills:
 + Level 3.7 Fighting
 + Level 6.0 Dodging
 - Level 4.0 Stealth
 - Level 5.0 Spellcasting
 - Level 2.1 Conjurations
 - Level 7.0 Summonings
 - Level 4.0 Air Magic
 - Level 7.0 Poison Magic
 - Level 6.1 Invocations


You had 5 spell levels left.
You knew the following spells:

 Your Spells              Type           Power        Failure   Level  Hunger
a - Sting                 Conj/Pois      ###.         1%          1    None
b - Poisonous Vapours     Pois/Air       ####..       1%          2    None
c - Mephitic Cloud        Conj/Pois/Air  ###.....     5%          3    ##.....
d - Olgreb's Toxic Radia  Pois           ####....     6%          4    ####...
e - Summon Lightning Spi  Summ/Air       ####....     11%         4    ####...

Your spell library contained the following spells:

 Spells                   Type           Power        Failure   Level  Hunger
 Summon Small Mammal      Summ           ####         1%          1    None
 Call Imp                 Summ           ####....     1%          2    None
 Call Canine Familiar     Summ           ####....     1%          3    ##.....
 Summon Guardian Golem    Hex/Summ       ###.....     8%          3    ##.....
 Summon Ice Beast         Ice/Summ       ###.....     26%         4    ####...
 Venom Bolt               Conj/Pois      ###.......   41%         5    #####..


Dungeon Overview and Level Annotations

Branches:
Dungeon (7/15)             Temple (0/1) D:5             Orc (0/2) D:9
  Sewer (visited)

Altars:
Elyvilon
Qazlal
Sif Muna
Wu Jian
Zin

Annotations:
D:2 exclusion: phantom


Innate Abilities, Weirdness & Mutations

You cannot wear most types of armour.
You are very stealthy in the water. (Stealth+)
You are amphibious.
You can wear up to eight rings at the same time.
You can use your tentacles to constrict eight enemies at once.
Your skin changes colour to match your surroundings (Stealth+).
Your rubbery body absorbs attacks. (AC +1, EV +1)


Message History

The hippogriff pecks you.
* * * LOW HITPOINT WARNING * * *
The hippogriff misses you.
The black bear growls angrily. 2 killer bees come into view.
Casting: Olgreb's Toxic Radiance (safe; 6% risk of failure)
Confirm with . or Enter, or press ? or * to list all spells.
You begin to radiate toxic energy.
The black bear is poisoned.
The crocodile is poisoned.
The hippogriff is poisoned.
The killer bee buzzes angrily.
The killer bee is poisoned. x2; The black bear looks even sicker.
The crocodile looks even sicker.
The hippogriff looks even sicker.
The killer bee looks even sicker.
You hear an angry buzzing noise. x2
The crocodile misses you.
A killer bee comes into view.
You hear an angry buzzing noise.
Unknown command.
Unknown command.
The crocodile looks even sicker.
The killer bee looks even sicker.
The killer bee is poisoned.
Your toxic aura wanes.
You hear an angry buzzing noise.
A killer bee comes into view.
You hear two shouts!
You kill the killer bee!
Sif Muna accepts your kill. The black bear misses you.
The black bear barely misses you. You block the black bear's attack.
Unknown command.
You kill the killer bee!
Sif Muna accepts your kill.
Unknown command.
The black bear goes berserk!
Casting: Olgreb's Toxic Radiance (safe; 6% risk of failure)
Confirm with . or Enter, or press ? or * to list all spells.
You begin to radiate toxic energy.
The black bear looks even sicker.
The crocodile looks even sicker.
The crocodile looks as sick as possible!
You kill the killer bee!
Sif Muna accepts your kill.
You kill the crocodile!
Sif Muna accepts your kill.
Your Dodging skill increases to level 6!
Unknown command.
The black bear looks even sicker.
Your toxic aura wanes.
Unknown command.
The black bear bites you!
You die...

.........##########............
#########..##########...#########
......h..........................
...............................†.
...............†############y....
..........r....H# #.####
................######## #.#
................h................
................@................
...............................P.
##########.....................P.
#.......................
#.....................rP
##########)..................P...
....).).................
#################....... # #..#


You could see a hippogriff, a black bear (berserk) and a porcupine.

Vanquished Creatures
  Pikel (D:5)
  A hornet (D:5)
  Grinder (D:4)
  A hippogriff (D:7)
  Sigmund (D:2)
  Edmund (D:4)
  A porcupine (D:9)
  An orc warrior (D:7)
  An ice beast (D:7)
  4 ogres
  A crocodile (D:9)
  Blork the orc (D:4)
  A big kobold (Sewer)
  3 bullfrogs
  A scorpion (D:7)
  3 killer bees (D:9)
  4 crimson imps
  3 howler monkeys
  A hound (D:7)
  2 orc priests
  9 orc wizards
  Jessica (D:2)
  6 worker ants
  3 iguanas
  Natasha (thrice) (D:2)
  Robin (D:3)
  4 gnolls (D:9)
  8 adders
  A river rat (D:3)
  An adder zombie (D:5)
  2 adder skeletons
  3 worms
  2 dart slugs
  6 leopard geckos
  14 orcs
  7 bats
  5 giant cockroaches
  11 goblins
  6 hobgoblins
  17 jackals
  3 quokkas
  A ball python (D:4)
  2 frilled lizards
  A jackal skeleton (D:4)
  9 kobolds
  A leopard gecko skeleton (D:4)
  A quokka skeleton (D:6)
  6 rats
167 creatures vanquished.

Vanquished Creatures (collateral kills)
  A hungry ghost (D:9)
  3 wargs (D:9)
  A phantom (D:6)
  A centaur (D:6)
  A bullfrog (D:6)
  An adder (D:9)
8 creatures vanquished.

Vanquished Creatures (others)
  25 fungi (D:9)
  10 plants (D:9)
35 creatures vanquished.

Grand Total: 210 creatures vanquished

Notes
Turn   | Place    | Note
-------+----------+-------------------------------------------
     0 | D:1      | Flugkiller the Octopode Venom Mage began the quest for the
                  | Orb.
     0 | D:1      | Reached XP level 1. HP: 11/11 MP: 3/3
     3 | D:1      | Noticed an electric eel
     3 | D:1      | Noticed an electric eel
    93 | D:1      | Reached skill level 1 in Fighting
   383 | D:1      | Reached XP level 2. HP: 18/18 MP: 3/5
  1076 | D:1      | Reached XP level 3. HP: 20/23 MP: 1/6
  1760 | D:2      | Reached XP level 4. HP: 12/28 MP: 7/7
  1971 | D:2      | Noticed Jessica
  1976 | D:2      | Killed Jessica
  1982 | D:2      | Learned a level 2 spell: Poisonous Vapours
  1986 | D:2      | Learned a level 3 spell: Mephitic Cloud
  2211 | D:2      | Noticed Sigmund
  2228 | D:2      | Killed Sigmund
  2228 | D:2      | Reached skill level 5 in Poison Magic
  2228 | D:2      | Reached XP level 5. HP: 33/33 MP: 2/10
  2228 | D:2      | Reached XP level 6. HP: 38/38 MP: 2/11
  2479 | D:2      | Noticed Natasha
  2490 | D:2      | Killed Natasha
  2558 | D:2      | Noticed Natasha
  2567 | D:2      | Killed Natasha
  2587 | D:2      | Noticed Natasha
  2591 | D:2      | Killed Natasha
  2688 | D:2      | Noticed a phantom
  2981 | D:3      | Found a shimmering blue altar of Sif Muna.
  2981 | D:3      | Found a glowing silver altar of Zin.
  2985 | D:3      | Became a worshipper of Sif Muna the Loreminder
  3479 | D:3      | Found a glowing drain.
  3483 | Sewer    | Entered a sewer
  3583 | Sewer    | Reached XP level 7. HP: 42/45 MP: 5/12
  3670 | Sewer    | Found a white marble altar of Elyvilon.
  3903 | D:3      | Reached * piety under Sif Muna
  3929 | D:3      | Noticed Robin
  3948 | D:3      | Killed Robin
  4663 | D:4      | Noticed Blork the orc
  4671 | D:4      | Killed Blork the orc
  4792 | D:4      | Noticed Grinder
  4796 | D:4      | Noticed Edmund
  4802 | D:4      | Paralysed by Grinder for 2 turns
  4809 | D:4      | Killed Edmund
  4809 | D:4      | Reached skill level 1 in Invocations
  4810 | D:4      | Paralysed by Grinder for 7 turns
  5251 | D:4      | Killed Grinder
  5251 | D:4      | Reached skill level 5 in Dodging
  5251 | D:4      | Reached XP level 8. HP: 49/52 MP: 10/13
  5884 | D:5      | Entered Level 5 of the Dungeon
  5917 | D:5      | Found a staircase to the Ecumenical Temple.
  6012 | D:5      | Found an ornate altar of the Wu Jian Council.
  6044 | D:5      | Learned a level 4 spell: Summon Lightning Spire
  6229 | D:5      | Noticed a hornet
  6236 | D:5      | Killed a hornet
  6236 | D:5      | Reached skill level 1 in Summonings
  6236 | D:5      | Reached skill level 1 in Air Magic
  6316 | D:5      | Learned a level 4 spell: Olgreb's Toxic Radiance
  6363 | D:5      | Found a white marble altar of Elyvilon.
  6787 | D:5      | Noticed Pikel
  6821 | D:5      | Killed Pikel
  6821 | D:5      | Reached XP level 9. HP: 56/56 MP: 4/16
  7085 | D:6      | Reached skill level 5 in Spellcasting
  7595 | D:6      | Found a stormy altar of Qazlal.
  7710 | D:6      | Reached ** piety under Sif Muna
  8049 | D:7      | Reached skill level 5 in Summonings
  8474 | D:7      | You fall into a shaft and drop 2 floors!
  8721 | D:9      | Reached skill level 5 in Invocations
  8789 | D:9      | Found a staircase to the Orcish Mines.
  8806 | D:9      | Reached XP level 10. HP: 27/63 MP: 5/17
  8908 | D:9      | Noticed a two-headed ogre
  9000 | D:9      | HP: 1/63 [two-headed ogre/+0 giant spiked club (24)]
  9155 | D:9      | Slain by a black bear

Levels and vault maps discovered:
D:1:      arrival_aquarium_b, layout_basic
D:2:      layout_basic, uniq_sigmund, uniq_jessica, uniq_natasha
D:3:      layout_basic, gammafunk_temple_overflow_elements,
          gup_sewer_entry_spiral, uniq_robin
D:4:      layout_basic, uniq_edmund, uniq_grinder, uniq_blork_the_orc
D:5:      layout_basic, kennysheep_mini_moat, old_standard_altar, temple_pool_b,
          first_ration, kennysheep_windowed_goal, uniq_pikel
D:6:      layout_basic, nicolae_overflow_crystal_walls
D:7:      layout_rooms, uniq_duvessa, uniq_joseph
D:9:      layout_long_grid, due_lair_maze_entry_diamond,
          minmay_orc_entry_guard_dogs, enter_bailey_3, minmay_ruined_shrine

Skill      XL: |  1  2  3  4  5  6  7  8  9 10 |
---------------+-------------------------------+-----
Fighting       | 1 2 3 |  3.7
Stealth        | 3 4 |  4.0
Poison Magic   | 4 5 7 |  7.0
Conjurations   | 2 |  2.1
Spellcasting   | 3 4 5 |  5.0
Dodging        | 3 5 6 |  6.0
Invocations    | 3 5 6 |  6.1
Summonings     | 3 6 7 |  7.0
Air Magic      | 3 4 |  4.0

Action                   |  1- 3 |  4- 6 |  7- 9 | 10-12 || total
-------------------------+-------+-------+-------+-------++-------
Melee: Unarmed           |    38 |     5 |     8 |       ||    51
       Constrict         |    10 |     9 |    28 |     4 ||    51
       Tentacles         |     3 |    10 |    18 |     2 ||    33
       Dagger            |       |    35 |    57 |     3 ||    95
       Whip              |       |       |    38 |    13 ||    51
 Cast: Sting             |    38 |    33 |    28 |       ||    99
       Poisonous Vapours |       |    25 |    94 |     3 ||   122
       Olgreb's Toxic Ra |       |       |     9 |    10 ||    19
       Mephitic Cloud    |       |       |     3 |     4 ||     7
       Summon Lightning  |       |       |     5 |     1 ||     6
Invok: Channel Magic     |       |       |     1 |     1 ||     2
Evoke: Wand              |       |       |     2 |       ||     2
  Use: Potion            |     3 |       |     1 |     5 ||     9
       Scroll            |       |     4 |     7 |     3 ||    14
 Stab: Sleeping          |       |     1 |     6 |       ||     7
       Paralysed         |       |       |     4 |       ||     4
       Distracted        |       |       |     1 |       ||     1
  Eat: Chunk             |     2 |     7 |    21 |     1 ||    31
Armor: Skin              |    13 |     1 |    21 |       ||    35
Dodge: Dodged            |    19 |    24 |    84 |    42 ||   169
Block: Other             |       |       |     4 |     7 ||    11
       Reflection        |       |       |     2 |     1 ||     3

Table legend:
 A = Non-vault XP
 B = Vault XP
 C = Vault XP percentage of total XP
 D = Non-vault monster count
 E = Vault monster count
 F = Vault count percentage of total count
                 A         B        C        D         E       F
            +---------+---------+-------+---------+---------+-------
      Total |    3428 |    2288 |  40.0 |     137 |      38 |  21.7
            +---------+---------+-------+---------+---------+-------
        D:1 |      38 |       0 |   0.0 |      21 |       0 |   0.0
        D:2 |     165 |     284 |  63.3 |      18 |       3 |  14.3
        D:3 |     111 |      57 |  33.9 |      12 |      17 |  58.6
        D:4 |     158 |     544 |  77.5 |      15 |       3 |  16.7
        D:5 |     524 |     629 |  54.6 |      15 |       1 |   6.2
        D:6 |     835 |       0 |   0.0 |      19 |       0 |   0.0
        D:7 |     787 |       0 |   0.0 |      13 |       0 |   0.0
        D:9 |     810 |     665 |  45.1 |      24 |       8 |  25.0
      Sewer |       0 |     109 | 100.0 |       0 |       6 | 100.0
            +---------+---------+-------+---------+---------+-------
